[ AOE2 MATCH · #506768572 ]
UnrankedVietnamese vs Bulgarians
[ REPLAY ANALYSIS · EXTRACTED FROM THE RECORDED GAME ]
Feudal
13:11
Castle
17:21
Imperial
—
| APM avg | 55.0 |
| APM peak | 99 |
| eAPM avg | 29.0 |
| Villagers / military | 60 / 14 |
Focus
⚔️ 20.6% · 🌾 79.4%
Archer ×11 · Rattan Archer ×3
Feudal
10:55
Castle
24:42
Imperial
—
| APM avg | 24.3 |
| APM peak | 65 |
| eAPM avg | 10.5 |
| Villagers / military | 50 / 24 |
Focus
⚔️ 25.8% · 🌾 74.2%
Archer ×24
Feudal
12:09
Castle
24:14
Imperial
—
| APM avg | 35.3 |
| APM peak | 82 |
| eAPM avg | 19.4 |
| Villagers / military | 62 / 43 |
Focus
⚔️ 29.5% · 🌾 70.5%
Militia ×43
Feudal
13:32
Castle
17:43
Imperial
—
| APM avg | 55.1 |
| APM peak | 98 |
| eAPM avg | 26.2 |
| Villagers / military | 37 / 7 |
Focus
⚔️ 18.2% · 🌾 81.8%
Archer ×7
Feudal
13:25
Castle
20:56
Imperial
—
| APM avg | 26.9 |
| APM peak | 70 |
| eAPM avg | 12.7 |
| Villagers / military | 43 / 20 |
Focus
⚔️ 26.2% · 🌾 73.8%
Plumed Archer ×17 · Spearman ×3
Feudal
13:00
Castle
22:38
Imperial
—
| APM avg | 34.0 |
| APM peak | 134 |
| eAPM avg | 18.8 |
| Villagers / military | 46 / 18 |
Focus
⚔️ 63.8% · 🌾 36.2%
Spearman ×12 · Scout Cavalry ×6
Feudal
14:10
Castle
17:45
Imperial
—
| APM avg | 52.0 |
| APM peak | 104 |
| eAPM avg | 26.2 |
| Villagers / military | 60 / 17 |
Focus
⚔️ 37.1% · 🌾 62.9%
Magyar Huszar ×12 · Scorpion ×3 · Battering Ram ×2
Feudal
14:51
Castle
18:25
Imperial
—
| APM avg | 31.1 |
| APM peak | 61 |
| eAPM avg | 14.5 |
| Villagers / military | 50 / 19 |
Focus
⚔️ 29.1% · 🌾 70.9%
Kipchak ×16 · Mangonel ×2 · Battering Ram ×1
Match map
Initial resources + every placement click. Lines = walls · curves = elevation contours. ◆ gold · ⬟ stone · ● berries · ✦ relic · ◌ wall gap
Your base· Open — unwalled flank
Seifer's base· Open — 12t gap
ACI ShaN's base· Open — unwalled flank
Tepeyóllotl's base· Open — unwalled flank
Rōnin's base· Open — unwalled flank
Dadagama's base· Open — unwalled flank
Mateus Viana's base· Open — unwalled flank
Man Pig Bear's base· Open — unwalled flank
Smoothed initial terrain · ◌ = detected wall gap · hover for details
Inputs per minute
— .Bast - - Seifer
Build order — .Bast
129 actions detected in the replay
| 0:44 | Build | Town Center |
| 2:01 | Build | House |
| 2:40 | Create | Villager (Male) |
| 2:40 | Create | Villager (Male) |
| 2:41 | Create | Villager (Male) |
| 2:43 | Create | Villager (Male) |
| 2:43 | Create | Villager (Male) |
| 3:43 | Create | Villager (Male) |
| 3:43 | Create | Villager (Male) |
| 4:26 | Create | Villager (Male) |
| 4:26 | Create | Villager (Male) |
| 4:26 | Create | Villager (Male) |
| 4:29 | Build | House |
| 4:47 | Build | Lumber Camp |
| 4:52 | Create | Villager (Male) |
| 4:52 | Create | Villager (Male) |
| 4:59 | Build | House |
| 5:12 | Research | Loom |
| 5:30 | Build | House |
| 5:51 | Create | Villager (Male) |
| 6:00 | Create | Villager (Male) |
| 6:00 | Create | Villager (Male) |
| 6:00 | Create | Villager (Male) |
| 6:23 | Create | Villager (Male) |
| 6:30 | Create | Villager (Male) |
| 6:31 | Create | Villager (Male) |
| 6:31 | Create | Villager (Male) |
| 6:31 | Create | Villager (Male) |
| 7:06 | Create | Villager (Male) |
| 7:27 | Create | Villager (Male) |
| 8:02 | Create | Villager (Male) |
| 8:07 | Build | House |
| 8:36 | Build | Mill |
| 8:43 | Create | Villager (Male) |
| 8:51 | Build | House |
| 8:54 | Create | Villager (Male) |
| 10:14 | Create | Villager (Male) |
| 10:15 | Create | Villager (Male) |
| 10:27 | Build | Mining Camp |
| 10:35 | Build | House |
| 10:46 | Research | Feudal Age |
| 11:17 | Build | House |
| 11:34 | Build | House |
| 12:19 | Build | Barracks |
| 12:27 | Create | Villager (Male) |
| 12:29 | Create | Villager (Male) |
| 12:31 | Create | Villager (Male) |
| 12:37 | Build | Palisade Wall |
| 12:40 | Build | Palisade Wall |
| 12:41 | Build | Palisade Wall |
| 12:46 | Build | House |
| 13:11 | Age | Feudal Age |
| 13:20 | Build | Archery Range |
| 13:48 | Build | Blacksmith |
| 13:54 | Build | Blacksmith |
| 13:57 | Create | Villager (Male) |
| 14:02 | Build | House |
| 14:20 | Create | Archer |
| 14:20 | Create | Archer |
| 14:27 | Build | Palisade Wall |
| 14:27 | Build | Palisade Wall |
| 14:29 | Build | Palisade Wall |
| 14:41 | Research | Castle Age |
| 14:45 | Build | House |
| 14:49 | Build | Palisade Wall |
| 15:16 | Research | Double-Bit Axe |
| 15:23 | Build | House |
| 15:38 | Build | House |
| 15:39 | Create | Archer |
| 15:50 | Build | Mining Camp |
| 16:05 | Create | Archer |
| 16:05 | Create | Archer |
| 16:15 | Create | Archer |
| 16:34 | Create | Villager (Male) |
| 16:53 | Create | Archer |
| 16:55 | Research | Fletching |
| 17:21 | Age | Castle Age |
| 17:27 | Research | Bodkin Arrow |
| 17:51 | Build | Farm |
| 17:55 | Create | Archer |
| 18:19 | Create | Villager (Male) |
| 19:08 | Create | Villager (Male) |
| 19:10 | Build | Farm |
| 19:10 | Create | Villager (Male) |
| 19:48 | Create | Archer |
| 19:48 | Create | Archer |
| 20:36 | Create | Villager (Male) |
| 20:44 | Build | Castle |
| 20:47 | Create | Villager (Male) |
| 21:15 | Create | Villager (Male) |
| 21:31 | Build | Lumber Camp |
| 21:32 | Create | Villager (Male) |
| 21:38 | Build | Farm |
| 21:44 | Create | Archer |
| 22:06 | Build | Farm |
| 22:09 | Build | Farm |
| 22:12 | Build | Farm |
| 22:15 | Build | Farm |
| 22:16 | Create | Villager (Male) |
| 22:22 | Build | Farm |
| 22:27 | Create | Villager (Male) |
| 22:44 | Create | Villager (Male) |
| 23:06 | Build | Town Center |
| 23:54 | Create | Villager (Male) |
| 23:55 | Create | Villager (Male) |
| 24:24 | Build | Farm |
| 24:29 | Create | Villager (Male) |
| 24:29 | Create | Villager (Male) |
| 24:43 | Create | Villager (Male) |
| 24:43 | Create | Villager (Male) |
| 25:18 | Create | Villager (Male) |
| 25:18 | Create | Villager (Male) |
| 25:27 | Create | Villager (Male) |
| 25:30 | Create | Villager (Male) |
| 25:50 | Create | Villager (Male) |
| 25:50 | Create | Villager (Male) |
| 26:05 | Create | Villager (Male) |
| 26:23 | Build | Market |
| 26:31 | Create | Villager (Male) |
| 26:43 | Create | Villager (Male) |
| 26:43 | Create | Villager (Male) |
| 26:50 | Create | Rattan Archer |
| 26:50 | Create | Rattan Archer |
| 26:50 | Create | Rattan Archer |
| 27:01 | Build | Farm |
| 27:01 | Build | Farm |
| 27:06 | Create | Villager (Male) |
| 27:10 | Research | Wheelbarrow |
| 27:38 | Build | Castle |
Build order — Seifer
130 actions detected in the replay
| 0:09 | Build | Town Center |
| 1:06 | Build | Lumber Camp |
| 1:08 | Build | House |
| 2:28 | Create | Villager (Male) |
| 2:28 | Create | Villager (Male) |
| 2:29 | Create | Villager (Male) |
| 2:29 | Create | Villager (Male) |
| 2:29 | Create | Villager (Male) |
| 3:58 | Research | Loom |
| 4:23 | Build | House |
| 4:25 | Create | Villager (Male) |
| 4:25 | Create | Villager (Male) |
| 4:25 | Create | Villager (Male) |
| 4:26 | Create | Villager (Male) |
| 4:43 | Build | House |
| 5:13 | Create | Villager (Male) |
| 5:23 | Create | Villager (Male) |
| 5:23 | Create | Villager (Male) |
| 5:24 | Create | Villager (Male) |
| 6:00 | Build | Mill |
| 6:04 | Create | Villager (Male) |
| 6:17 | Create | Villager (Male) |
| 6:19 | Create | Villager (Male) |
| 7:08 | Create | Villager (Male) |
| 7:08 | Create | Villager (Male) |
| 7:09 | Create | Villager (Male) |
| 8:45 | Research | Feudal Age |
| 9:31 | Build | House |
| 9:37 | Build | House |
| 10:25 | Create | Villager (Male) |
| 10:51 | Create | Villager (Male) |
| 10:51 | Create | Villager (Male) |
| 10:51 | Create | Villager (Male) |
| 10:55 | Age | Feudal Age |
| 11:16 | Create | Villager (Male) |
| 11:23 | Build | Lumber Camp |
| 11:34 | Build | House |
| 11:42 | Research | Town Watch |
| 12:12 | Create | Villager (Male) |
| 12:13 | Create | Villager (Male) |
| 12:19 | Create | Villager (Male) |
| 12:22 | Create | Villager (Male) |
| 12:50 | Create | Villager (Male) |
| 13:05 | Build | Barracks |
| 13:27 | Create | Villager (Male) |
| 13:58 | Build | Archery Range |
| 14:06 | Build | House |
| 14:14 | Create | Villager (Male) |
| 14:38 | Create | Archer |
| 14:38 | Create | Archer |
| 14:45 | Create | Villager (Male) |
| 14:50 | Build | Mining Camp |
| 14:52 | Create | Villager (Male) |
| 14:57 | Build | House |
| 15:16 | Create | Archer |
| 15:39 | Create | Villager (Male) |
| 15:40 | Create | Villager (Male) |
| 15:48 | Build | Blacksmith |
| 15:51 | Build | House |
| 16:03 | Create | Villager (Male) |
| 16:13 | Create | Archer |
| 16:22 | Research | Fletching |
| 16:36 | Create | Archer |
| 16:39 | Create | Villager (Male) |
| 17:12 | Build | Archery Range |
| 17:16 | Create | Villager (Male) |
| 17:25 | Create | Villager (Male) |
| 17:37 | Create | Archer |
| 17:38 | Create | Archer |
| 17:45 | Create | Villager (Male) |
| 17:52 | Build | House |
| 17:54 | Build | House |
| 17:55 | Build | House |
| 18:00 | Create | Archer |
| 18:00 | Create | Archer |
| 18:18 | Create | Villager (Male) |
| 18:25 | Create | Archer |
| 18:25 | Create | Archer |
| 18:25 | Create | Archer |
| 19:23 | Create | Villager (Male) |
| 19:30 | Build | Mill |
| 19:33 | Create | Villager (Male) |
| 19:34 | Create | Villager (Male) |
| 19:52 | Create | Archer |
| 19:52 | Create | Archer |
| 19:59 | Create | Archer |
| 20:00 | Create | Archer |
| 20:00 | Create | Archer |
| 20:47 | Create | Archer |
| 21:06 | Build | Market |
| 21:34 | Create | Archer |
| 21:34 | Create | Archer |
| 21:44 | Build | House |
| 21:45 | Build | House |
| 21:47 | Build | House |
| 22:02 | Research | Castle Age |
| 22:10 | Create | Archer |
| 22:11 | Create | Archer |
| 22:37 | Build | House |
| 22:38 | Build | House |
| 22:43 | Create | Archer |
| 23:00 | Build | Mill |
| 23:23 | Build | House |
| 23:24 | Build | House |
| 23:25 | Build | House |
| 23:35 | Research | Horse Collar |
| 23:41 | Create | Archer |
| 24:04 | Research | Padded Archer Armor |
| 24:14 | Research | Gold Mining |
| 24:42 | Age | Castle Age |
| 24:45 | Build | Town Center |
| 24:52 | Build | University |
| 25:38 | Research | Bodkin Arrow |
| 25:58 | Build | Farm |
| 25:59 | Build | Farm |
| 26:01 | Build | Farm |
| 26:02 | Build | Farm |
| 26:03 | Build | Farm |
| 26:28 | Research | Crossbowman (upgrade) |
| 26:48 | Build | Farm |
| 26:49 | Build | Farm |
| 26:50 | Build | Farm |
| 26:52 | Build | Farm |
| 26:54 | Create | Villager (Male) |
| 26:54 | Create | Villager (Male) |
| 26:59 | Create | Villager (Male) |
| 27:06 | Create | Villager (Male) |
| 27:54 | Research | Double-Bit Axe |
| 27:57 | Create | Villager (Male) |
| 27:57 | Create | Villager (Male) |
Build order — ACI ShaN
127 actions detected in the replay
| 0:11 | Build | Town Center |
| 0:30 | Build | House |
| 2:29 | Create | Villager (Male) |
| 2:29 | Create | Villager (Male) |
| 2:29 | Create | Villager (Male) |
| 2:29 | Create | Villager (Male) |
| 2:30 | Create | Villager (Male) |
| 3:19 | Create | Villager (Male) |
| 3:53 | Build | House |
| 4:01 | Create | Villager (Male) |
| 4:01 | Create | Villager (Male) |
| 4:17 | Build | House |
| 4:23 | Create | Villager (Male) |
| 4:24 | Create | Villager (Male) |
| 5:22 | Create | Villager (Male) |
| 5:22 | Create | Villager (Male) |
| 5:23 | Create | Villager (Male) |
| 5:49 | Create | Villager (Male) |
| 5:49 | Create | Villager (Male) |
| 5:53 | Build | Lumber Camp |
| 5:55 | Create | Villager (Male) |
| 6:06 | Create | Villager (Male) |
| 6:06 | Create | Villager (Male) |
| 6:22 | Create | Villager (Male) |
| 6:23 | Create | Villager (Male) |
| 6:41 | Create | Villager (Male) |
| 6:58 | Create | Villager (Male) |
| 6:58 | Create | Villager (Male) |
| 6:58 | Create | Villager (Male) |
| 7:05 | Create | Villager (Male) |
| 7:05 | Create | Villager (Male) |
| 7:08 | Build | House |
| 7:13 | Research | Loom |
| 7:14 | Create | Villager (Male) |
| 7:14 | Create | Villager (Male) |
| 7:15 | Create | Villager (Male) |
| 7:15 | Create | Villager (Male) |
| 7:15 | Create | Villager (Male) |
| 8:27 | Build | Mill |
| 8:48 | Build | House |
| 8:50 | Create | Villager (Male) |
| 8:50 | Create | Villager (Male) |
| 8:51 | Create | Villager (Male) |
| 8:51 | Create | Villager (Male) |
| 8:51 | Create | Villager (Male) |
| 8:51 | Create | Villager (Male) |
| 8:52 | Create | Villager (Male) |
| 9:41 | Research | Feudal Age |
| 10:16 | Build | Barracks |
| 10:59 | Create | Militia |
| 11:00 | Create | Militia |
| 11:00 | Create | Militia |
| 11:06 | Build | Mining Camp |
| 11:45 | Create | Militia |
| 11:45 | Create | Militia |
| 11:55 | Build | House |
| 12:08 | Create | Militia |
| 12:09 | Age | Feudal Age |
| 12:33 | Create | Villager (Male) |
| 12:35 | Create | Villager (Male) |
| 12:39 | Research | Double-Bit Axe |
| 12:50 | Create | Militia |
| 12:50 | Create | Militia |
| 12:50 | Create | Militia |
| 13:11 | Create | Militia |
| 13:17 | Research | Arson |
| 13:21 | Build | Blacksmith |
| 13:23 | Create | Villager (Male) |
| 13:29 | Build | House |
| 13:56 | Create | Villager (Male) |
| 14:05 | Research | Scale Mail Armor |
| 14:28 | Create | Villager (Male) |
| 14:33 | Research | Forging |
| 14:36 | Create | Militia |
| 14:36 | Create | Militia |
| 14:58 | Create | Villager (Male) |
| 15:05 | Build | Mill |
| 15:24 | Create | Villager (Male) |
| 16:00 | Create | Villager (Male) |
| 16:03 | Build | House |
| 16:05 | Build | House |
| 16:49 | Create | Villager (Male) |
| 16:52 | Build | House |
| 16:57 | Build | Mill |
| 17:02 | Build | Market |
| 17:31 | Create | Militia ×5 |
| 17:31 | Create | Militia ×5 |
| 17:34 | Build | House |
| 17:35 | Build | House |
| 17:59 | Create | Militia |
| 18:52 | Create | Villager (Male) |
| 19:08 | Build | Watch Tower |
| 19:33 | Build | House |
| 19:33 | Create | Villager (Male) |
| 19:36 | Build | House |
| 19:57 | Build | Barracks |
| 20:22 | Create | Villager (Male) |
| 21:31 | Create | Villager (Male) |
| 21:34 | Research | Castle Age |
| 21:50 | Create | Militia ×4 |
| 21:51 | Create | Militia ×4 |
| 22:08 | Create | Militia |
| 22:08 | Create | Militia |
| 22:10 | Create | Villager (Male) |
| 22:16 | Build | Lumber Camp |
| 22:53 | Create | Villager (Male) |
| 23:10 | Create | Militia |
| 23:10 | Create | Militia |
| 23:11 | Create | Villager (Male) |
| 23:12 | Create | Villager (Male) |
| 23:38 | Create | Militia ×3 |
| 23:38 | Create | Militia ×3 |
| 24:06 | Create | Militia |
| 24:06 | Create | Militia |
| 24:14 | Age | Castle Age |
| 24:25 | Research | Chain Mail Armor |
| 24:43 | Create | Villager (Male) |
| 25:35 | Create | Villager (Male) |
| 25:50 | Build | Krepost |
| 26:08 | Build | Town Center |
| 26:16 | Create | Villager (Male) |
| 26:34 | Create | Villager (Male) |
| 27:25 | Build | Mill |
| 27:30 | Create | Villager (Male) |
| 28:10 | Build | Mill |
| 28:23 | Create | Villager (Male) |
| 28:23 | Create | Villager (Male) |
Build order — Tepeyóllotl
105 actions detected in the replay
| 0:40 | Build | Town Center |
| 2:17 | Build | House |
| 2:36 | Create | Villager (Male) |
| 2:37 | Create | Villager (Male) |
| 2:37 | Create | Villager (Male) |
| 3:18 | Create | Villager (Male) |
| 3:19 | Create | Villager (Male) |
| 3:46 | Build | House |
| 3:52 | Build | House |
| 4:01 | Create | Villager (Male) |
| 4:08 | Create | Villager (Male) |
| 4:08 | Create | Villager (Male) |
| 4:44 | Build | Lumber Camp |
| 4:49 | Build | House |
| 4:54 | Create | Villager (Male) |
| 4:54 | Create | Villager (Male) |
| 4:55 | Create | Villager (Male) |
| 5:41 | Create | Villager (Male) |
| 5:41 | Create | Villager (Male) |
| 6:42 | Create | Villager (Male) |
| 6:42 | Create | Villager (Male) |
| 6:53 | Build | House |
| 7:04 | Create | Villager (Male) |
| 7:04 | Create | Villager (Male) |
| 7:04 | Create | Villager (Male) |
| 7:07 | Create | Villager (Male) |
| 7:07 | Create | Villager (Male) |
| 7:20 | Build | Mill |
| 8:33 | Build | House |
| 8:39 | Create | Villager (Male) |
| 8:39 | Create | Villager (Male) |
| 9:02 | Create | Villager (Male) |
| 9:02 | Create | Villager (Male) |
| 9:24 | Build | Mill |
| 9:57 | Create | Villager (Male) |
| 10:33 | Research | Loom |
| 10:33 | Research | Feudal Age |
| 11:21 | Build | Mining Camp |
| 12:25 | Build | Palisade Wall |
| 12:31 | Build | Palisade Wall |
| 12:37 | Build | Palisade Gate |
| 13:13 | Build | Palisade Wall |
| 13:28 | Create | Villager (Male) |
| 13:28 | Create | Villager (Male) |
| 13:32 | Age | Feudal Age |
| 13:33 | Build | Watch Tower |
| 13:39 | Build | Market |
| 13:55 | Build | Blacksmith |
| 14:09 | Build | Palisade Wall |
| 14:26 | Build | Palisade Wall |
| 15:03 | Research | Castle Age |
| 15:03 | Research | Castle Age |
| 15:36 | Build | House |
| 15:46 | Build | Palisade Wall |
| 16:26 | Build | Mining Camp |
| 16:51 | Build | Gate |
| 16:54 | Build | Stone Wall |
| 17:05 | Build | Watch Tower |
| 17:08 | Create | Villager (Male) |
| 17:43 | Age | Castle Age |
| 17:45 | Create | Villager (Male) |
| 17:59 | Build | Barracks |
| 18:08 | Research | Fletching |
| 19:00 | Build | Watch Tower |
| 19:05 | Create | Villager (Male) |
| 19:27 | Build | Watch Tower |
| 19:32 | Build | Archery Range |
| 19:50 | Build | Palisade Wall |
| 19:54 | Build | Palisade Wall |
| 19:56 | Build | Palisade Wall |
| 20:18 | Build | Mining Camp |
| 20:21 | Create | Archer |
| 20:27 | Create | Villager (Male) |
| 20:27 | Create | Villager (Male) |
| 20:48 | Build | Archery Range |
| 21:03 | Build | House |
| 21:05 | Build | Palisade Wall |
| 21:09 | Build | House |
| 21:12 | Build | House |
| 21:35 | Create | Archer |
| 21:35 | Create | Archer |
| 21:45 | Create | Villager (Male) |
| 21:56 | Build | Mill |
| 22:05 | Create | Archer |
| 22:10 | Build | Stone Wall |
| 22:11 | Build | Stone Wall |
| 22:13 | Build | Stone Wall |
| 22:14 | Build | Stone Wall |
| 22:17 | Build | Stone Wall |
| 22:19 | Build | Stone Wall |
| 22:31 | Build | Stone Wall |
| 22:38 | Create | Villager (Male) |
| 22:42 | Create | Archer |
| 23:19 | Build | House |
| 23:21 | Build | House |
| 24:05 | Create | Villager (Male) |
| 24:06 | Build | House |
| 24:20 | Create | Villager (Male) |
| 24:24 | Create | Archer |
| 24:25 | Create | Archer |
| 24:29 | Build | University |
| 24:31 | Create | Villager (Male) |
| 24:41 | Build | House |
| 25:41 | Build | Market |
| 26:34 | Build | Stone Wall |
Build order — Rōnin
125 actions detected in the replay
| 1:08 | Build | Town Center |
| 1:29 | Build | House |
| 2:32 | Build | House |
| 3:38 | Create | Villager (Male) |
| 3:38 | Create | Villager (Male) |
| 3:39 | Create | Villager (Male) |
| 3:39 | Create | Villager (Male) |
| 4:36 | Create | Villager (Male) |
| 4:36 | Create | Villager (Male) |
| 5:15 | Create | Villager (Male) |
| 5:16 | Create | Villager (Male) |
| 5:18 | Create | Villager (Male) |
| 6:01 | Create | Villager (Male) |
| 6:01 | Create | Villager (Male) |
| 6:32 | Create | Villager (Male) |
| 6:32 | Create | Villager (Male) |
| 6:59 | Create | Villager (Male) |
| 6:59 | Create | Villager (Male) |
| 7:07 | Build | House |
| 7:30 | Create | Villager (Male) |
| 7:30 | Create | Villager (Male) |
| 7:46 | Build | Mill |
| 7:52 | Create | Villager (Male) |
| 7:53 | Create | Villager (Male) |
| 7:53 | Create | Villager (Male) |
| 7:59 | Build | House |
| 8:42 | Build | House |
| 9:01 | Create | Villager (Male) |
| 9:12 | Build | Palisade Wall |
| 9:24 | Create | Villager (Male) |
| 9:50 | Create | Villager (Male) |
| 10:10 | Build | Lumber Camp |
| 10:14 | Create | Villager (Male) |
| 10:15 | Research | Loom |
| 10:29 | Build | House |
| 10:54 | Research | Feudal Age |
| 11:07 | Build | Palisade Wall |
| 11:53 | Build | Barracks |
| 12:27 | Create | Villager (Male) |
| 12:28 | Create | Villager (Male) |
| 12:52 | Build | Palisade Wall |
| 13:25 | Age | Feudal Age |
| 13:36 | Build | Mining Camp |
| 13:45 | Research | Double-Bit Axe |
| 14:03 | Build | Archery Range |
| 14:43 | Build | Blacksmith |
| 14:49 | Build | Farm |
| 14:50 | Create | Villager (Male) |
| 14:50 | Create | Villager (Male) |
| 15:05 | Build | Farm |
| 15:16 | Build | Palisade Gate |
| 15:29 | Build | House |
| 15:40 | Create | Villager (Male) |
| 16:02 | Create | Villager (Male) |
| 16:35 | Create | Spearman |
| 16:53 | Create | Villager (Male) |
| 17:18 | Build | Market |
| 17:28 | Create | Villager (Male) |
| 17:39 | Build | Farm |
| 17:40 | Build | Farm |
| 18:16 | Research | Castle Age |
| 18:30 | Build | Farm |
| 19:00 | Create | Spearman |
| 19:12 | Research | Horse Collar |
| 19:51 | Build | Farm |
| 19:56 | Create | Villager (Male) |
| 20:12 | Create | Spearman |
| 20:30 | Research | Fletching |
| 20:53 | Build | Farm |
| 20:56 | Age | Castle Age |
| 21:00 | Create | Villager (Male) |
| 21:09 | Research | Bow Saw |
| 21:18 | Build | Castle |
| 21:30 | Build | Palisade Gate |
| 21:33 | Build | Palisade Wall |
| 21:36 | Build | Palisade Wall |
| 21:50 | Create | Villager (Male) |
| 21:53 | Research | Town Watch |
| 22:00 | Build | Farm |
| 22:05 | Create | Villager (Male) |
| 22:37 | Build | Mining Camp |
| 22:38 | Create | Plumed Archer |
| 22:39 | Create | Plumed Archer |
| 22:39 | Create | Plumed Archer |
| 23:04 | Create | Plumed Archer |
| 23:13 | Research | Gold Mining |
| 23:15 | Create | Villager (Male) |
| 23:22 | Build | Farm |
| 23:28 | Build | Lumber Camp |
| 23:34 | Create | Villager (Male) |
| 24:08 | Build | Town Center |
| 24:22 | Create | Plumed Archer |
| 24:23 | Create | Plumed Archer |
| 24:23 | Create | Plumed Archer |
| 24:38 | Research | Padded Archer Armor |
| 24:53 | Create | Villager (Male) |
| 25:16 | Build | Palisade Wall |
| 25:23 | Build | House |
| 25:25 | Build | Palisade Wall |
| 25:48 | Create | Plumed Archer |
| 25:48 | Create | Plumed Archer |
| 25:53 | Research | Bodkin Arrow |
| 25:58 | Build | Farm |
| 25:59 | Build | Farm |
| 26:01 | Build | Farm |
| 26:03 | Create | Villager (Male) |
| 26:03 | Create | Villager (Male) |
| 26:12 | Create | Plumed Archer |
| 26:30 | Build | University |
| 26:41 | Build | Palisade Wall |
| 26:44 | Create | Plumed Archer |
| 26:45 | Create | Plumed Archer |
| 26:45 | Create | Plumed Archer |
| 27:08 | Research | Leather Archer Armor |
| 27:12 | Create | Plumed Archer |
| 27:56 | Research | Ballistics |
| 28:11 | Create | Plumed Archer |
| 28:11 | Create | Plumed Archer |
| 28:11 | Create | Plumed Archer |
| 28:14 | Build | Farm |
| 28:15 | Build | Farm |
| 28:17 | Research | Wheelbarrow |
| 28:20 | Create | Villager (Male) |
| 28:21 | Create | Villager (Male) |
| 28:24 | Build | Farm |
Build order — Dadagama
101 actions detected in the replay
| 0:15 | Build | Town Center |
| 1:48 | Build | House |
| 2:28 | Create | Villager (Male) ×5 |
| 2:29 | Create | Villager (Male) ×5 |
| 3:24 | Build | Lumber Camp |
| 3:31 | Build | House |
| 4:16 | Build | Palisade Gate |
| 4:23 | Build | Palisade Gate |
| 4:43 | Create | Villager (Male) |
| 4:43 | Create | Villager (Male) |
| 4:43 | Create | Villager (Male) |
| 5:23 | Create | Villager (Male) |
| 5:48 | Create | Villager (Male) |
| 5:48 | Create | Villager (Male) |
| 6:12 | Create | Villager (Male) |
| 6:15 | Research | Loom |
| 6:16 | Create | Villager (Male) |
| 6:16 | Create | Villager (Male) |
| 6:18 | Build | House |
| 7:22 | Create | Villager (Male) |
| 7:22 | Create | Villager (Male) |
| 7:38 | Build | House |
| 8:10 | Create | Villager (Male) |
| 8:10 | Create | Villager (Male) |
| 8:39 | Create | Villager (Male) |
| 8:39 | Create | Villager (Male) |
| 9:00 | Create | Villager (Male) |
| 9:54 | Create | Villager (Male) |
| 10:10 | Build | Mill |
| 10:30 | Create | Villager (Male) |
| 10:56 | Research | Feudal Age |
| 11:17 | Build | Barracks |
| 11:19 | Build | House |
| 12:04 | Create | Villager (Male) |
| 12:04 | Create | Villager (Male) |
| 12:11 | Build | House |
| 12:58 | Build | Palisade Wall |
| 12:59 | Build | Palisade Wall |
| 13:00 | Age | Feudal Age |
| 13:02 | Create | Spearman |
| 13:03 | Create | Spearman |
| 13:03 | Create | Spearman |
| 13:05 | Create | Villager (Male) |
| 13:43 | Create | Villager (Male) |
| 13:51 | Build | Palisade Wall |
| 13:52 | Build | Palisade Wall |
| 13:53 | Build | Palisade Wall |
| 13:54 | Build | Palisade Wall |
| 13:55 | Build | Palisade Wall |
| 14:07 | Build | Stable |
| 14:24 | Create | Spearman |
| 14:26 | Create | Villager (Male) |
| 14:36 | Build | House |
| 14:51 | Build | Palisade Wall |
| 15:05 | Create | Scout Cavalry |
| 15:06 | Create | Scout Cavalry |
| 15:06 | Create | Scout Cavalry |
| 15:06 | Create | Scout Cavalry |
| 15:07 | Create | Villager (Male) |
| 15:07 | Create | Villager (Male) |
| 15:21 | Create | Spearman |
| 15:29 | Create | Spearman |
| 15:41 | Build | Market |
| 15:50 | Create | Villager (Male) |
| 16:05 | Build | House |
| 16:09 | Build | House |
| 16:16 | Research | Wheelbarrow |
| 16:32 | Build | Mining Camp |
| 16:48 | Create | Villager (Male) |
| 16:50 | Create | Villager (Male) |
| 17:16 | Create | Villager (Male) |
| 17:16 | Create | Villager (Male) |
| 18:00 | Create | Villager (Male) |
| 18:00 | Create | Villager (Male) |
| 18:37 | Create | Scout Cavalry |
| 18:37 | Create | Scout Cavalry |
| 19:25 | Build | House |
| 19:53 | Create | Villager (Male) |
| 19:53 | Create | Villager (Male) |
| 20:10 | Research | Castle Age |
| 20:27 | Build | House |
| 20:31 | Build | House |
| 21:36 | Research | Gold Mining |
| 22:33 | Build | House |
| 22:38 | Age | Castle Age |
| 23:01 | Research | Pikeman (upgrade) |
| 23:18 | Create | Spearman |
| 23:32 | Build | House |
| 23:37 | Build | Palisade Wall |
| 23:41 | Build | Palisade Wall |
| 24:23 | Create | Spearman |
| 25:03 | Build | Town Center |
| 25:19 | Create | Villager (Male) |
| 25:20 | Create | Villager (Male) |
| 25:51 | Create | Spearman |
| 25:51 | Create | Spearman |
| 26:11 | Build | House |
| 26:14 | Build | Palisade Wall |
| 26:59 | Create | Spearman |
| 26:59 | Create | Spearman |
| 28:10 | Build | Town Center |
Build order — Mateus Viana
146 actions detected in the replay
| 0:17 | Build | Town Center |
| 1:35 | Build | House |
| 2:17 | Build | Palisade Wall |
| 2:18 | Build | Palisade Wall |
| 2:21 | Build | Palisade Wall |
| 2:25 | Build | Palisade Wall |
| 2:38 | Create | Villager (Male) |
| 2:46 | Create | Villager (Male) |
| 2:46 | Create | Villager (Male) |
| 2:50 | Create | Villager (Male) |
| 3:40 | Build | Palisade Wall |
| 3:42 | Build | Palisade Wall |
| 3:47 | Build | House |
| 3:56 | Build | Palisade Gate |
| 4:22 | Research | Loom |
| 4:42 | Create | Villager (Male) |
| 4:42 | Create | Villager (Male) |
| 5:01 | Build | House |
| 5:19 | Create | Villager (Male) |
| 5:20 | Create | Villager (Male) |
| 5:28 | Create | Villager (Male) |
| 5:42 | Build | Palisade Gate |
| 5:48 | Build | Palisade Gate |
| 5:53 | Build | Palisade Gate |
| 6:29 | Create | Villager (Male) |
| 6:32 | Build | Lumber Camp |
| 6:41 | Create | Villager (Male) |
| 6:41 | Create | Villager (Male) |
| 7:12 | Build | House |
| 7:22 | Build | House |
| 7:34 | Build | House |
| 7:49 | Build | House |
| 7:50 | Create | Villager (Male) |
| 7:50 | Create | Villager (Male) |
| 7:50 | Create | Villager (Male) |
| 7:59 | Create | Villager (Male) |
| 8:10 | Build | House |
| 8:58 | Create | Villager (Male) |
| 9:00 | Create | Villager (Male) |
| 9:06 | Build | House |
| 9:08 | Build | Palisade Wall |
| 9:09 | Build | Palisade Wall |
| 9:10 | Build | Palisade Wall |
| 9:13 | Create | Villager (Male) |
| 9:24 | Create | Villager (Male) |
| 9:26 | Build | Palisade Wall |
| 9:26 | Build | Palisade Wall |
| 9:34 | Create | Villager (Male) |
| 9:37 | Build | Palisade Wall |
| 9:38 | Build | Palisade Wall |
| 9:39 | Build | Palisade Wall |
| 9:43 | Create | Villager (Male) |
| 9:57 | Build | Palisade Wall |
| 9:59 | Build | Palisade Wall |
| 10:44 | Create | Villager (Male) |
| 10:51 | Build | House |
| 10:59 | Create | Villager (Male) |
| 11:07 | Create | Villager (Male) |
| 11:25 | Build | Mill |
| 11:57 | Research | Feudal Age |
| 13:27 | Build | Palisade Wall |
| 13:27 | Build | Palisade Wall |
| 13:28 | Build | Palisade Wall |
| 13:32 | Build | Palisade Wall |
| 13:33 | Build | Palisade Wall |
| 13:34 | Build | Palisade Wall |
| 13:47 | Create | Villager (Male) |
| 13:48 | Create | Villager (Male) |
| 14:10 | Age | Feudal Age |
| 14:12 | Build | Market |
| 14:21 | Build | Blacksmith |
| 14:28 | Build | Palisade Gate |
| 14:37 | Create | Villager (Male) |
| 14:40 | Build | Palisade Wall |
| 15:05 | Research | Castle Age |
| 15:05 | Research | Castle Age |
| 15:34 | Build | Mining Camp |
| 16:17 | Research | Double-Bit Axe |
| 16:20 | Research | Stone Mining |
| 17:45 | Age | Castle Age |
| 18:00 | Create | Villager (Male) |
| 18:43 | Build | Castle |
| 19:00 | Build | Castle |
| 19:16 | Build | Palisade Wall |
| 19:22 | Build | Palisade Wall |
| 19:28 | Create | Villager (Male) |
| 19:41 | Build | Town Center |
| 19:48 | Build | House |
| 19:51 | Build | House |
| 20:25 | Create | Villager (Male) |
| 20:28 | Create | Villager (Male) |
| 20:33 | Create | Villager (Male) |
| 20:39 | Build | House |
| 20:44 | Create | Villager (Male) |
| 20:50 | Create | Villager (Male) |
| 21:02 | Create | Villager (Male) |
| 21:03 | Create | Villager (Male) |
| 21:08 | Create | Villager (Male) |
| 21:24 | Create | Magyar Huszar |
| 21:25 | Create | Magyar Huszar |
| 21:34 | Create | Magyar Huszar |
| 21:45 | Create | Magyar Huszar |
| 21:50 | Create | Magyar Huszar |
| 22:16 | Create | Villager (Male) |
| 22:19 | Create | Villager (Male) |
| 22:24 | Build | Siege Workshop |
| 23:06 | Create | Magyar Huszar |
| 23:12 | Build | Mill |
| 23:31 | Create | Villager (Male) |
| 23:31 | Create | Villager (Male) |
| 23:31 | Create | Villager (Male) |
| 23:55 | Create | Villager (Male) |
| 23:55 | Create | Villager (Male) |
| 23:55 | Create | Villager (Male) |
| 24:06 | Create | Magyar Huszar |
| 24:06 | Create | Magyar Huszar |
| 24:11 | Create | Villager (Male) |
| 24:20 | Create | Magyar Huszar |
| 24:31 | Build | Mill |
| 25:02 | Create | Magyar Huszar |
| 25:22 | Create | Scorpion |
| 25:23 | Create | Magyar Huszar |
| 25:23 | Create | Magyar Huszar |
| 25:56 | Create | Villager (Male) |
| 26:16 | Create | Villager (Male) |
| 26:18 | Create | Villager (Male) |
| 26:19 | Create | Scorpion |
| 27:06 | Create | Villager (Male) |
| 27:07 | Create | Villager (Male) |
| 27:07 | Create | Villager (Male) |
| 27:08 | Create | Villager (Male) |
| 27:08 | Create | Villager (Male) |
| 27:14 | Create | Scorpion |
| 27:27 | Create | Battering Ram |
| 27:35 | Create | Villager (Male) |
| 27:39 | Create | Villager (Male) |
| 27:47 | Create | Battering Ram |
| 27:54 | Build | Farm |
| 27:56 | Build | Farm |
| 27:57 | Create | Villager (Male) |
| 27:59 | Build | Farm |
| 28:00 | Build | Farm |
| 28:01 | Build | Farm |
| 28:03 | Build | Farm |
| 28:05 | Create | Villager (Male) |
| 28:05 | Create | Villager (Male) |
Build order — Man Pig Bear
104 actions detected in the replay
| 0:23 | Build | Town Center |
| 1:53 | Build | House |
| 3:06 | Create | Villager (Male) |
| 3:06 | Create | Villager (Male) |
| 3:06 | Create | Villager (Male) |
| 3:17 | Create | Villager (Male) |
| 3:59 | Create | Villager (Male) |
| 4:26 | Create | Villager (Male) |
| 4:50 | Build | House |
| 5:05 | Create | Villager (Male) |
| 5:26 | Create | Villager (Male) |
| 5:37 | Build | House |
| 5:57 | Create | Villager (Male) |
| 6:12 | Create | Villager (Male) |
| 6:29 | Build | House |
| 6:29 | Create | Villager (Male) |
| 7:00 | Research | Loom |
| 7:03 | Create | Villager (Male) |
| 7:19 | Create | Villager (Male) |
| 7:24 | Build | Lumber Camp |
| 7:24 | Create | Villager (Male) |
| 7:25 | Create | Villager (Male) |
| 7:39 | Create | Villager (Male) |
| 7:43 | Create | Villager (Male) |
| 8:12 | Create | Villager (Male) |
| 8:50 | Build | House |
| 9:25 | Create | Villager (Male) |
| 9:29 | Build | House |
| 9:31 | Create | Villager (Male) |
| 9:39 | Create | Villager (Male) |
| 9:50 | Create | Villager (Male) |
| 10:03 | Build | House |
| 10:07 | Create | Villager (Male) |
| 10:16 | Create | Villager (Male) |
| 10:32 | Build | Mining Camp |
| 10:37 | Build | Palisade Wall |
| 10:39 | Build | Palisade Wall |
| 11:07 | Build | Palisade Wall |
| 11:12 | Build | Palisade Wall |
| 11:32 | Build | Mining Camp |
| 11:57 | Create | Villager (Male) |
| 12:39 | Research | Feudal Age |
| 12:50 | Build | Mill |
| 14:40 | Create | Villager (Male) |
| 14:40 | Create | Villager (Male) |
| 14:51 | Age | Feudal Age |
| 14:56 | Build | Market |
| 15:03 | Build | Blacksmith |
| 15:45 | Research | Castle Age |
| 16:07 | Build | Palisade Wall |
| 16:10 | Research | Double-Bit Axe |
| 16:45 | Build | Palisade Wall |
| 17:49 | Create | Villager (Male) |
| 18:25 | Age | Castle Age |
| 18:28 | Build | Castle |
| 18:30 | Create | Villager (Male) |
| 18:38 | Build | Siege Workshop |
| 18:38 | Create | Villager (Male) |
| 18:41 | Create | Villager (Male) |
| 19:16 | Create | Mangonel |
| 19:29 | Create | Villager (Male) |
| 19:35 | Research | Fletching |
| 19:48 | Build | House |
| 19:58 | Create | Villager (Male) |
| 20:28 | Create | Villager (Male) |
| 21:13 | Create | Kipchak |
| 21:14 | Create | Kipchak |
| 21:24 | Build | Town Center |
| 21:31 | Create | Villager (Male) |
| 21:39 | Create | Kipchak |
| 21:49 | Build | House |
| 22:02 | Create | Kipchak |
| 22:22 | Create | Kipchak |
| 22:28 | Create | Kipchak |
| 22:55 | Create | Kipchak |
| 23:14 | Create | Kipchak |
| 23:20 | Create | Kipchak |
| 23:21 | Create | Villager (Male) |
| 23:30 | Create | Kipchak |
| 23:47 | Create | Villager (Male) |
| 24:02 | Create | Kipchak |
| 24:06 | Create | Battering Ram |
| 24:11 | Create | Villager (Male) |
| 24:28 | Research | Bodkin Arrow |
| 24:30 | Create | Villager (Male) |
| 24:32 | Create | Kipchak |
| 24:43 | Create | Villager (Male) |
| 25:10 | Create | Villager (Male) |
| 25:22 | Create | Villager (Male) |
| 25:27 | Create | Kipchak |
| 25:43 | Create | Kipchak |
| 26:01 | Create | Villager (Male) |
| 26:08 | Create | Villager (Male) |
| 26:22 | Create | Mangonel |
| 26:27 | Create | Kipchak |
| 26:30 | Create | Kipchak |
| 26:44 | Create | Villager (Male) |
| 26:50 | Build | Town Center |
| 27:14 | Research | Bow Saw |
| 27:18 | Create | Villager (Male) |
| 27:22 | Create | Villager (Male) |
| 27:50 | Create | Villager (Male) |
| 28:06 | Create | Villager (Male) |
| 28:15 | Create | Villager (Male) |
Match timeline
| 2:17 | Mateus Viana · wall_segment Palisade Wall x1 |
| 2:18 | Mateus Viana · wall_segment Palisade Wall x1 |
| 2:21 | Mateus Viana · wall_segment Palisade Wall x1 |
| 2:25 | Mateus Viana · wall_segment Palisade Wall x1 |
| 3:40 | Mateus Viana · wall_segment Palisade Wall x1 |
| 3:42 | Mateus Viana · wall_segment Palisade Wall x1 |
| 9:08 | Mateus Viana · wall_segment Palisade Wall x1 |
| 9:09 | Mateus Viana · wall_segment Palisade Wall x1 |
| 9:10 | Mateus Viana · wall_segment Palisade Wall x1 |
| 9:12 | Rōnin · wall_segment Palisade Wall x6 |
| 9:26 | Mateus Viana · wall_segment Palisade Wall x1 |
| 9:26 | Mateus Viana · wall_segment Palisade Wall x1 |
| 9:37 | Mateus Viana · wall_segment Palisade Wall x1 |
| 9:38 | Mateus Viana · wall_segment Palisade Wall x1 |
| 9:39 | Mateus Viana · wall_segment Palisade Wall x1 |
| 9:57 | Mateus Viana · wall_segment Palisade Wall x1 |
| 9:59 | Mateus Viana · wall_segment Palisade Wall x1 |
| 10:16 | ACI ShaN · first_building Barracks |
| 10:37 | Man Pig Bear · wall_segment Palisade Wall x2 |
| 10:39 | Man Pig Bear · wall_segment Palisade Wall x1 |
| 10:55 | Seifer · age_up feudal |
| 11:07 | Man Pig Bear · wall_segment Palisade Wall x12 |
| 11:07 | Rōnin · wall_segment Palisade Wall x13 |
| 11:12 | Man Pig Bear · wall_segment Palisade Wall x9 |
| 11:17 | Dadagama · first_building Barracks |
| 11:53 | Rōnin · first_building Barracks |
| 12:09 | ACI ShaN · age_up feudal |
| 12:19 | .Bast · first_building Barracks |
| 12:25 | Tepeyóllotl · wall_segment Palisade Wall x3 |
| 12:31 | Tepeyóllotl · wall_segment Palisade Wall x8 |
| 12:37 | .Bast · wall_segment Palisade Wall x1 |
| 12:40 | .Bast · wall_segment Palisade Wall x1 |
| 12:41 | .Bast · wall_segment Palisade Wall x1 |
| 12:52 | Rōnin · wall_segment Palisade Wall x1 |
| 12:58 | Dadagama · wall_segment Palisade Wall x1 |
| 12:59 | Dadagama · wall_segment Palisade Wall x1 |
| 13:00 | Dadagama · age_up feudal |
| 13:05 | Seifer · first_building Barracks |
| 13:11 | .Bast · age_up feudal |
| 13:13 | Tepeyóllotl · wall_segment Palisade Wall x3 |
| 13:20 | .Bast · first_building Archery Range |
| 13:25 | Rōnin · age_up feudal |
| 13:27 | Mateus Viana · wall_segment Palisade Wall x1 |
| 13:27 | Mateus Viana · wall_segment Palisade Wall x1 |
| 13:28 | Mateus Viana · wall_segment Palisade Wall x1 |
| 13:32 | Tepeyóllotl · age_up feudal |
| 13:32 | Mateus Viana · wall_segment Palisade Wall x1 |
| 13:33 | Mateus Viana · wall_segment Palisade Wall x1 |
| 13:34 | Mateus Viana · wall_segment Palisade Wall x1 |
| 13:51 | Dadagama · wall_segment Palisade Wall x1 |
| 13:52 | Dadagama · wall_segment Palisade Wall x1 |
| 13:53 | Dadagama · wall_segment Palisade Wall x1 |
| 13:54 | Dadagama · wall_segment Palisade Wall x1 |
| 13:55 | Dadagama · wall_segment Palisade Wall x1 |
| 13:58 | Seifer · first_building Archery Range |
| 14:03 | Rōnin · first_building Archery Range |
| 14:07 | Dadagama · first_building Stable |
| 14:09 | Tepeyóllotl · wall_segment Palisade Wall x9 |
| 14:10 | Mateus Viana · age_up feudal |
| 14:26 | Tepeyóllotl · wall_segment Palisade Wall x1 |
| 14:27 | .Bast · wall_segment Palisade Wall x1 |
| 14:27 | .Bast · wall_segment Palisade Wall x1 |
| 14:29 | .Bast · wall_segment Palisade Wall x1 |
| 14:40 | Mateus Viana · wall_segment Palisade Wall x1 |
| 14:49 | .Bast · wall_segment Palisade Wall x1 |
| 14:51 | Dadagama · wall_segment Palisade Wall x1 |
| 14:51 | Man Pig Bear · age_up feudal |
| 15:02 | Tepeyóllotl · first_market_sell 100 food |
| 15:27 | Tepeyóllotl · first_market_buy 100 wood |
| 15:30 | Mateus Viana · first_market_sell 100 food |
| 15:31 | Mateus Viana · first_market_buy 100 wood |
| 15:46 | Tepeyóllotl · wall_segment Palisade Wall x5 |
| 16:07 | Man Pig Bear · wall_segment Palisade Wall x1 |
| 16:45 | Man Pig Bear · wall_segment Palisade Wall x1 |
| 16:54 | Tepeyóllotl · wall_segment Stone Wall x1 |
| 17:21 | .Bast · age_up castle |
| 17:43 | Tepeyóllotl · age_up castle |
| 17:45 | Mateus Viana · age_up castle |
| 17:59 | Tepeyóllotl · first_building Barracks |
| 18:06 | Rōnin · first_market_sell 100 wood |
| 18:09 | Rōnin · first_market_buy 100 food |
| 18:25 | Man Pig Bear · age_up castle |
| 18:28 | Man Pig Bear · first_building Castle |
| 18:38 | Man Pig Bear · first_building Siege Workshop |
| 18:43 | Mateus Viana · first_building Castle |
| 19:15 | Man Pig Bear · first_market_sell 100 wood |
| 19:16 | Mateus Viana · wall_segment Palisade Wall x1 |
| 19:22 | Mateus Viana · wall_segment Palisade Wall x1 |
| 19:32 | Tepeyóllotl · first_building Archery Range |
| 19:50 | Tepeyóllotl · wall_segment Palisade Wall x6 |
| 19:54 | Tepeyóllotl · wall_segment Palisade Wall x1 |
| 19:56 | Tepeyóllotl · wall_segment Palisade Wall x1 |
| 19:59 | Dadagama · first_market_sell 100 stone |
| 20:01 | Dadagama · first_market_buy 100 food |
| 20:26 | ACI ShaN · first_market_sell 100 wood |
| 20:44 | .Bast · first_building Castle |
| 20:56 | Rōnin · age_up castle |
| 21:05 | Tepeyóllotl · wall_segment Palisade Wall x1 |
| 21:18 | Rōnin · first_building Castle |
| 21:33 | Rōnin · wall_segment Palisade Wall x1 |
| 21:36 | Rōnin · wall_segment Palisade Wall x1 |
| 21:50 | Seifer · first_market_buy 100 food |
| 21:56 | Seifer · first_market_sell 100 wood |
| 22:10 | Tepeyóllotl · wall_segment Stone Wall x1 |
| 22:11 | Tepeyóllotl · wall_segment Stone Wall x1 |
| 22:13 | Tepeyóllotl · wall_segment Stone Wall x1 |
| 22:14 | Tepeyóllotl · wall_segment Stone Wall x1 |
| 22:17 | Tepeyóllotl · wall_segment Stone Wall x1 |
| 22:19 | Tepeyóllotl · wall_segment Stone Wall x1 |
| 22:24 | Mateus Viana · first_building Siege Workshop |
| 22:31 | Tepeyóllotl · wall_segment Stone Wall x1 |
| 22:38 | Dadagama · age_up castle |
| 23:37 | Dadagama · wall_segment Palisade Wall x1 |
| 23:41 | Dadagama · wall_segment Palisade Wall x1 |
| 24:14 | ACI ShaN · age_up castle |
| 24:16 | Man Pig Bear · first_market_buy 100 food |
| 24:42 | Seifer · age_up castle |
| 25:16 | Rōnin · wall_segment Palisade Wall x1 |
| 25:25 | Rōnin · wall_segment Palisade Wall x1 |
| 25:50 | ACI ShaN · first_building Krepost |
| 26:14 | Dadagama · wall_segment Palisade Wall x1 |
| 26:34 | Tepeyóllotl · wall_segment Stone Wall x5 |
| 26:41 | Rōnin · wall_segment Palisade Wall x1 |
| 27:24 | .Bast · first_market_buy 100 stone |
| 27:37 | Tepeyóllotl · resign |
[ AI ANALYSIS · 1 CREDIT ]
What really happened in this match?
Wolo.gg analyzes every decision: build order, eco, micro, common mistakes by bracket. Personalized analysis on WhatsApp or Discord in 30 seconds.
Civ guide
Vietnamese
Perfil
Jugador #11719681